 Dungeon Crawl Stone Soup version 0.31-a0-112-gdf0485fa37 (webtiles) character file.

Game seed: 12518725652492444300

11942 puppykicker the Carver (level 11, -4/60 HPs)
             Began as a Tengu Warper on May 29, 2023.
             Was a Priest of Vehumet.
             Slain by a yak (11 damage)
             ... on level 11 of the Dungeon.
             The game lasted 00:44:57 (12002 turns).

puppykicker the Carver (Tengu Warper)              Turns: 12002, Time: 00:44:58

Health: -4/60      AC: 10    Str: 13    XL:     11   Next: 85%
Magic:  9/20       EV: 16    Int: 23    God:    Vehumet [***...]
Gold:   124        SH:  0    Dex: 19    Spells: 1/21 levels left

rFire   . . .        a - +0 scimitar
rCold   . . .        (no shield)
rNeg    . . .        K - +0 troll leather armour {regen}
rPois   .            (helmet restricted)
rElec   .            L - +2 cloak
rCorr   .            q - +2 pair of gloves
SInv    .            (boots unavailable)
Will    .....        R - amulet of regeneration
Stlth   +            e - +6 ring of intelligence
HPRegen 1.90/turn    p - +6 ring of dexterity
MPRegen 0.17/turn

%: no passive effects
@: on blink cooldown, flying quickly and evasively, quick
A: beak, talons 3, nimble flight
a: Renounce Religion


You were on level 11 of the Dungeon.
You worshipped Vehumet.
Vehumet was most pleased with you.
You visited 2 branches of the dungeon, and saw 12 of its levels.

You collected 762 gold pieces.
You spent 638 gold pieces at shops.

Inventory:

Hand Weapons
 a - a +0 scimitar (weapon)
 v - a +2 dagger of venom
 w - a +3 vampiric short sword
Missiles
 d - 8 boomerangs of dispersal (quivered)
 g - 51 poisoned darts
 m - 3 throwing nets
 M - a curare-tipped dart
Armour
 q - a +2 pair of gloves (worn)
 s - a +2 leather armour of cold resistance {rC+}
 A - a scarf of harm
 F - +1 acid dragon scales
 K - a +0 troll leather armour (worn) {regen}
 L - a +2 cloak (worn)
Magical Staves
 b - a staff of air {rElec}
Jewellery
 e - a +6 ring of intelligence (left hand)
 j - an amulet of magic regeneration
 p - a +6 ring of dexterity (right hand)
 y - a ring of willpower
 I - a ring of protection from cold
 R - an amulet of regeneration (around neck)
 S - a ring of see invisible
Wands
 D - a wand of polymorph (5)
Scrolls
 i - a scroll of identify
 t - 7 scrolls of teleportation
 B - 3 scrolls of blinking {!r}
 G - a scroll of immolation {!r}
 J - a scroll of silence {unknown}
Potions
 c - 2 potions of enlightenment
 f - 6 potions of might
 h - 2 potions of heal wounds
 k - 2 potions of cancellation
 n - 2 potions of haste
 o - 4 potions of attraction {unknown}
 r - a potion of invisibility
 u - a potion of resistance {unknown}
 x - 3 potions of curing
 z - a potion of magic
 C - a potion of ambrosia {unknown}
 H - a potion of lignification {!q}
Miscellaneous
 l - a phantom mirror (inert)


   Skills:
 + Level 3.3 Fighting
 * Level 13.3 Long Blades
 - Level 1.0 Throwing
 + Level 2.9 Armour
 + Level 3.5 Dodging
 + Level 5.5 Spellcasting
 + Level 8.7 Conjurations
 + Level 5.5 Translocations
 + Level 10.5 Air Magic


You had one spell level left.
You knew the following spells:

 Your Spells              Type           Power      Damage    Failure   Level
a - Shock                 Conj/Air       100%       1d9       1%          1
b - Lesser Beckoning      Tloc           62%        N/A       1%          2
c - Vhi's Electric Charg  Tloc/Air       86%        N/A       1%          3
d - Static Discharge      Conj/Air       100%       2-7/arc   1%          2
f - Airstrike             Air            26%        2d(4-20)  1%          4
p - Blink                 Tloc           62%        N/A       1%          2
t - Teleport Other        Tloc           31%        N/A       3%          3
x - Mephitic Cloud        Conj/Pois/Air  35%        N/A       1%          3

Your spell library contained the following spells:

 Spells                   Type           Power      Damage    Failure   Level
 Scorch                   Fire           12%        2d5       4%          2
 Flame Wave               Conj/Fire      26%        2d8       5%          4
 Manifold Assault         Tloc           31%        N/A       12%         4
 Summon Lightning Spire   Summ/Air       30%        N/A       13%         4
 Animate Armour           Summ/Erth      12%        N/A       75%         4
 Blade Hands              Tmut           3%         N/A       97%         5
 Summon Cactus Giant      Summ           3%         N/A       100%        6


Dungeon Overview and Level Annotations

Branches:
Dungeon (11/15)            Temple (1/1) D:7            Lair (0/5) D:10
    Orc (0/2) D:9

Altars:
Ru
Vehumet
Wu Jian
Xom

Shops:
D:4 [   D:5 =   D:10 :   D:11 !

Portals:
Abyss: D:8

Annotations:
D:3 1 runed translucent door
D:8 2 transporters, pokeman's ghost, novice DEHW
D:9 1 runed translucent door, Pokonic1's ghost, novice VSBe


Innate Abilities, Weirdness & Mutations

You have a beak for a mouth.
You have claws for feet.
Your magical nature lets you fly swiftly and evasively.


Message History

The yak is struck by an arc of lightning.
The yak is struck by an arc of lightning!
You are struck by an arc of lightning.
* * * LOW HITPOINT WARNING * * *
The yak is struck by an arc of lightning!
The lightning grounds out.
The yak gores you.
* * * LOW HITPOINT WARNING * * *
The yak closely misses you. The yak gores you but does no damage.
The yak closely misses you.
You take 13 damage, and have 18/60 hp.
MASSIVE DAMAGE!!
You now have 9/20 mp.
Casting: Static Discharge (safe; 1% risk of failure)
The yak is struck by an arc of lightning!
You are struck by an arc of lightning.
* * * LOW HITPOINT WARNING * * *
The yak is struck by an arc of lightning.
You kill the yak!
You feel your power returning.
The lightning grounds out.
The yak is struck by an arc of lightning.
You are struck by an arc of lightning.
* * * LOW HITPOINT WARNING * * *
The lightning grounds out.
The yak is struck by an arc of lightning.
You kill the yak!
You are struck by an arc of lightning.
* * * LOW HITPOINT WARNING * * *
The yak is struck by an arc of lightning.
You kill the yak!
You feel your power returning.
The yak is struck by an arc of lightning.
The lightning grounds out.
The yak gores you.
* * * LOW HITPOINT WARNING * * *
You take 13 damage, and have 5/60 hp.
MASSIVE DAMAGE!!
You regained 2 mp, and now have 11/20 mp.
Casting: Static Discharge (safe; 1% risk of failure)
You blink.
The yak gores you!
You die...

##......#s#
######....#B#
#.........#T#
...........#{#
####....#.†###
#####+#.......##....
#....^.(#.....##....
#...Y...#.###.###.[.
+..@.§..#.###.# #...
#.......#.....# #...
#......^#########...
#....##.##.....###..
#.##.##....###......
#.##.##############.
...#................
#####################


You could see a yak.

Levels and vault maps discovered:
D:1:      heliophobic_arrival_dark_side_of_the_moon, layout_loops_corners,
          serial_rivers, chequers_serial_rivers_small_b,
          chequers_serial_rivers_small_3, chequers_serial_rivers_room_a,
          chequers_serial_rivers_micro_c, chequers_serial_rivers_micro_b,
          bh_walls_and_bars
D:2:      layout_loops_corners, minmay_close_crescents
D:3:      layout_basic, ebering_ghost_sewer_f, chequers_serial_rivers_micro_e,
          nrook_mini_vaults
D:4:      layout_rooms, mainiacjoe_overflow_swirl, serial_shops,
          kennysheep_mini_moat
D:5:      layout_basic, serial_shops, nicolae_shop_gaudy_bauble,
          minmay_checkerbox, uniq_edmund
D:6:      layout_loops_corners
D:7:      layout_gridville, minmay_temple_entry_statues_pillars, uniq_duvessa,
          uniq_pikel
D:8:      layout_basic, special_room [special_room_orc],
          gammafunk_ghost_abyssal_escape, nicolae_elevator_lobby_asterisk
D:9:      layout_gridville, erik_orc_1, ebering_ghost_funeral_grove,
          hangedman_decor_growths, minmay_holes, patterned_corridor
D:10:     layout_layer_cave, grunt_lair_entry_orc_guard_hut,
          nicolae_shop_self_help
D:11:     layout_basic, serial_shops, shop, onia_ninara_dug_in_and_dangerous
Temple:   mainiacjoe_temple_big_plus

Notes
Turn   | Place    | Note
-------+----------+-------------------------------------------
     0 | D:1      | puppykicker the Tengu Warper began the quest for the Orb.
     0 | D:1      | Reached XP level 1. HP: 12/12 MP: 4/4
    88 | D:1      | Identified a +0 whip
   147 | D:1      | Reached XP level 2. HP: 15/17 MP: 6/6
   155 | D:1      | Identified an amulet of regeneration
   164 | D:1      | Reached skill level 3 in Long Blades
   167 | D:1      | Learned a level 2 spell: Blink
   319 | D:1      | Identified a +0 whip
   505 | D:1      | Identified a +0 robe
   591 | D:1      | Identified a +2 helmet
   603 | D:1      | Reached XP level 3. HP: 18/21 MP: 7/7
   607 | D:1      | Learned a level 3 spell: Vhi's Electric Charge
   607 | D:1      | Identified a scroll of identify
   607 | D:1      | Identified a potion of curing
   608 | D:1      | Identified a scroll of poison
   790 | D:1      | Identified a +0 hand axe
  1272 | D:2      | Identified a +0 club
  1456 | D:2      | Identified a +0 robe
  1573 | D:2      | Identified a +6 ring of intelligence
  1729 | D:2      | Reached skill level 4 in Long Blades
  1740 | D:2      | Identified 2 potions of lignification
  1998 | D:3      | Identified a +0 war axe
  1998 | D:3      | Identified a +0 ring mail
  2006 | D:3      | Reached skill level 1 in Air Magic
  2049 | D:3      | Identified a +0 club
  2107 | D:3      | Identified a +0 whip
  2113 | D:3      | Reached XP level 4. HP: 26/26 MP: 8/8
  2121 | D:3      | Identified a +0 hand axe of freezing
  2149 | D:3      | Learned a level 2 spell: Lesser Beckoning
  2261 | D:3      | Identified a scarf of harm
  2645 | D:3      | Identified a +0 club
  2645 | D:3      | Identified a +0 ring mail
  2646 | D:3      | Identified a +0 dagger
  2646 | D:3      | Identified a +0 leather armour
  2646 | D:3      | Identified a +0 flail
  2646 | D:3      | Identified a +0 chain mail
  2649 | D:3      | Identified a +0 trident
  2666 | D:3      | Found a runed translucent door.
  2733 | D:3      | Noticed GonguanaGonguana's ghost (weakling MeEE)
  3040 | D:3      | Found a runed translucent door.
  3054 | D:3      | Killed GonguanaGonguana's ghost
  3055 | D:3      | Reached skill level 2 in Air Magic
  3055 | D:3      | Gained mutation: Your magical nature lets you fly swiftly
                  | and evasively. [Tengu growth]
  3055 | D:3      | Reached XP level 5. HP: 30/30 MP: 9/9
  3140 | D:4      | Identified a +0 cloak
  3145 | D:4      | Identified a +1 pair of gloves
  3171 | D:4      | Identified a +0 sling
  3194 | D:4      | Identified a ring of protection from cold
  3240 | D:4      | Identified a scroll of teleportation
  3241 | D:4      | Identified a potion of might
  3242 | D:4      | Identified 4 potions of heal wounds
  3243 | D:4      | Identified a potion of cancellation
  3257 | D:4      | Identified a +0 club
  3257 | D:4      | Identified a +0 sling
  3275 | D:4      | Found Typlu's Antique Armour Shop.
  3278 | D:4      | Bought an embroidered cloak for 232 gold pieces
  3278 | D:4      | Identified a +2 cloak (You bought it in a shop on level 4
                  | of the Dungeon)
  3405 | D:4      | Identified a +6 ring of dexterity
  3433 | D:4      | Identified a +0 short sword
  3585 | D:4      | Found a shimmering altar of Xom.
  3594 | D:4      | Found a sacrificial altar of Ru.
  3666 | D:5      | Entered Level 5 of the Dungeon
  3698 | D:5      | Found Goas's Jewellery Boutique.
  3703 | D:5      | Identified a +0 long sword
  3703 | D:5      | Identified a +0 flail
  3703 | D:5      | Identified a +0 leather armour
  3704 | D:5      | Identified a +0 dagger
  3716 | D:5      | Identified a +0 dagger
  3716 | D:5      | Identified a +0 robe
  3717 | D:5      | Reached skill level 5 in Long Blades
  3717 | D:5      | Reached skill level 3 in Translocations
  3717 | D:5      | Reached XP level 6. HP: 21/35 MP: 9/11
  3904 | D:5      | Noticed a water moccasin
  3938 | D:5      | Learned a level 3 spell: Teleport Other
  3999 | D:5      | Identified a +0 dagger
  3999 | D:5      | Identified a +0 chain mail
  4000 | D:5      | Identified a +0 hand axe
  4000 | D:5      | Identified a +0 scale mail
  4000 | D:5      | Identified a +0 short sword
  4000 | D:5      | Identified a +0 ring mail
  4037 | D:5      | HP: 5/35 [white imp/puff of frost (8)]
  4041 | D:5      | Reached skill level 3 in Spellcasting
  4041 | D:5      | Reached skill level 3 in Air Magic
  4186 | D:5      | Killed a water moccasin
  4198 | D:5      | Reached XP level 7. HP: 40/40 MP: 12/12
  4200 | D:5      | Identified a +0 leather armour
  4207 | D:5      | Reached skill level 6 in Long Blades
  4217 | D:5      | Identified a +0 flail
  4289 | D:5      | Identified a +1 vampiric hand axe
  4315 | D:5      | Reached skill level 4 in Air Magic
  4355 | D:5      | Identified a +2 flail of protection
  4355 | D:5      | Identified a +0 scale mail
  4355 | D:5      | Noticed Edmund
  4366 | D:5      | Killed Edmund
  4433 | D:5      | Identified a +1 dagger of speed
  4591 | D:6      | Identified a +0 giant club
  4592 | D:6      | You are sucked into a shaft and drop 3 floors!
  4617 | D:9      | Identified a scroll of enchant armour
  4618 | D:9      | Identified a scroll of amnesia
  4709 | D:8      | Identified a +0 glaive
  4709 | D:8      | Identified a +0 chain mail
  4709 | D:8      | Identified a +0 dagger of holy wrath
  4709 | D:8      | Identified a +0 robe
  4709 | D:8      | Identified a +0 war axe
  4711 | D:8      | Identified a +0 hand axe
  4720 | D:8      | Reached skill level 7 in Long Blades
  4720 | D:8      | Reached skill level 4 in Translocations
  4720 | D:8      | Reached XP level 8. HP: 39/44 MP: 14/14
  4734 | D:8      | Reached skill level 4 in Spellcasting
  4746 | D:8      | Identified a +0 hand axe
  4774 | D:8      | Found a transporter.
  4784 | D:8      | Learned a level 2 spell: Static Discharge
  4823 | D:8      | Identified a +0 dagger
  4823 | D:8      | Identified a +0 dagger of venom
  4823 | D:8      | Identified a +0 club
  4824 | D:8      | Identified a +0 whip
  4824 | D:8      | Identified a +0 short sword
  4825 | D:8      | Identified a +0 club
  4825 | D:8      | Identified a +0 short sword
  4825 | D:8      | Identified a +0 short sword
  4873 | D:7      | Identified a +3 vampiric short sword
  4873 | D:7      | Identified a +2 leather armour of cold resistance
  4873 | D:7      | Noticed Duvessa
  4873 | D:7      | Identified a +0 dagger
  4873 | D:7      | Identified a +2 robe of resistance
  4873 | D:7      | Noticed Dowan
  4881 | D:7      | HP: 9/44 [Dowan/puff of flame (10)]
  4887 | D:7      | HP: 15/66 [Dowan/puff of frost (9)]
  4888 | D:7      | Killed Duvessa
  4889 | D:7      | Reached skill level 5 in Air Magic
  4902 | D:7      | Killed Dowan
  4903 | D:7      | Reached skill level 1 in Conjurations
  4998 | D:7      | Reached skill level 2 in Conjurations
  5033 | D:7      | Identified an amulet of magic regeneration
  5049 | D:7      | Identified a +0 short sword
  5049 | D:7      | Identified a +0 whip
  5049 | D:7      | Identified a +0 club
  5049 | D:7      | Identified a +0 club
  5055 | D:7      | Identified a +0 dagger
  5055 | D:7      | Identified a +0 robe
  5055 | D:7      | Identified a +0 mace
  5056 | D:7      | Identified a +0 dagger
  5056 | D:7      | Identified a +0 robe
  5111 | D:7      | Identified a +0 dagger
  5112 | D:7      | Identified a +0 short sword of venom
  5113 | D:7      | Identified a +0 dagger
  5131 | D:7      | Reached skill level 8 in Long Blades
  5139 | D:7      | Reached XP level 9. HP: 40/48 MP: 2/16
  5243 | D:7      | Identified a +0 short sword
  5246 | D:7      | Identified a +2 dagger of venom
  5260 | D:7      | HP: 12/48 [poisoned by a kobold brigand]
  5267 | D:7      | Reached skill level 3 in Conjurations
  5315 | D:7      | Identified a +0 dagger
  5329 | D:7      | Reached skill level 6 in Air Magic
  5360 | D:7      | Found a staircase to the Ecumenical Temple.
  5385 | Temple   | Entered the Ecumenical Temple
  5425 | Temple   | Became a worshipper of Vehumet
  5453 | D:7      | Identified a +0 short sword
  5453 | D:7      | Identified a +0 whip
  5454 | D:7      | Identified a +0 short sword
  5454 | D:7      | Identified a +0 club
  5454 | D:7      | Identified a +0 dagger
  5454 | D:7      | Identified a +0 dagger
  5455 | D:7      | Identified a +0 whip
  5456 | D:7      | Identified a +0 whip
  5622 | D:6      | Identified the +2 trident "Qottekad" {freeze, rElec Int+3}
  5730 | D:6      | Identified a +0 ring mail
  5842 | D:6      | Identified a ring of willpower
  5844 | D:6      | Identified a +0 club
  5848 | D:6      | Identified a +0 hand axe
  5848 | D:6      | Identified a +0 leather armour
  5848 | D:6      | Identified a +0 dagger
  5848 | D:6      | Identified a +0 leather armour
  5848 | D:6      | Identified a +0 dagger
  5848 | D:6      | Identified a +0 robe
  5851 | D:6      | Identified a +0 war axe
  5914 | D:6      | Reached skill level 5 in Spellcasting
  5920 | D:6      | Learned a level 4 spell: Airstrike
  5958 | D:6      | Identified a +0 club
  5959 | D:6      | Identified a +0 club
  5959 | D:6      | Identified a +0 whip
  6019 | D:6      | Reached skill level 4 in Conjurations
  6058 | D:6      | Reached skill level 9 in Long Blades
  6058 | D:6      | Reached skill level 5 in Translocations
  6596 | D:7      | Identified a +0 whip
  6596 | D:7      | Identified a +0 dagger
  6596 | D:7      | Identified a +0 robe
  6597 | D:7      | Identified a +0 club
  6603 | D:7      | Reached * piety under Vehumet
  6603 | D:7      | Offered knowledge of Shock by Vehumet.
  6961 | D:7      | Identified a +2 whip of freezing
  6961 | D:7      | Identified a +0 robe
  6961 | D:7      | Noticed Pikel
  6964 | D:7      | Killed Pikel
  6965 | D:7      | Reached skill level 5 in Conjurations
  6965 | D:7      | Reached skill level 7 in Air Magic
  7134 | D:8      | Identified a scroll of acquirement
  7134 | D:8      | Acquired a staff of air
  7142 | D:8      | Reached skill level 10 in Long Blades
  7143 | D:8      | Reached XP level 10. HP: 53/53 MP: 8/18
  7412 | D:8      | Found a one-way gate to the infinite horrors of the Abyss.
  7412 | D:8      | Found a transporter.
  7412 | D:8      | Noticed pokeman's ghost (novice DEHW)
  7442 | D:8      | Reached skill level 6 in Conjurations
  7448 | D:8      | Identified a +0 rapier of distortion
  7516 | D:8      | Learned a level 1 spell: Shock
  7620 | D:8      | Identified a +0 morningstar
  7621 | D:8      | Identified a +0 dagger
  7622 | D:8      | Identified a +0 flail
  7622 | D:8      | Identified a +0 leather armour
  7624 | D:8      | Identified a +0 club
  7639 | D:8      | Identified a +0 mace
  7639 | D:8      | Identified a +0 club
  7639 | D:8      | Identified a +0 ring mail
  7639 | D:8      | Identified a +0 club
  7639 | D:8      | Identified a +0 ring mail
  7639 | D:8      | Identified a +0 club
  7641 | D:8      | Identified a +0 whip
  7659 | D:8      | Identified a +0 scimitar
  7659 | D:8      | Identified a +0 plate armour
  7707 | D:7      | Reached skill level 8 in Air Magic
  7807 | D:8      | Identified a +0 glaive
  7807 | D:8      | Identified a +0 chain mail
  7808 | D:8      | Identified a +0 falchion
  7809 | D:8      | Identified a ring of see invisible
  7828 | D:8      | Identified a +0 club
  7833 | D:8      | Identified a +0 mace
  7840 | D:8      | Identified a +0 flail
  7840 | D:8      | Identified a +0 chain mail
  7840 | D:8      | Identified a +0 mace
  7840 | D:8      | Identified a +0 leather armour
  8009 | D:8      | Identified a +0 flail
  8009 | D:8      | Identified a +0 mace
  8013 | D:8      | Identified a +0 dagger
  8013 | D:8      | Identified a +0 robe
  8013 | D:8      | Noticed a kobold demonologist
  8017 | D:8      | Identified a +0 club
  8021 | D:8      | Identified a +0 dagger
  8021 | D:8      | Identified a +0 leather armour
  8022 | D:8      | Noticed a rust devil
  8022 | D:8      | Identified a +0 mace
  8022 | D:8      | Identified a +0 scale mail
  8023 | D:8      | Killed a kobold demonologist
  8023 | D:8      | Identified a +0 dagger
  8241 | D:9      | Identified a +4 battleaxe
  8241 | D:9      | Identified a +0 robe
  8241 | D:9      | Identified a +2 morningstar
  8241 | D:9      | Identified a +0 robe
  8245 | D:9      | Identified a +3 spear
  8245 | D:9      | Identified a +0 robe
  8252 | D:9      | Reached skill level 11 in Long Blades
  8255 | D:9      | Identified a +0 war axe
  8255 | D:9      | Identified a +0 robe
  8256 | D:9      | Reached skill level 7 in Conjurations
  8257 | D:9      | Identified a +3 flail of freezing
  8257 | D:9      | Identified a +0 robe
  8364 | D:9      | Offered knowledge of Searing Ray by Vehumet.
  8482 | D:9      | Identified a +0 dagger
  8482 | D:9      | Identified a +0 robe
  8483 | D:9      | Identified +0 acid dragon scales
  8484 | D:9      | Identified a +0 short sword
  8484 | D:9      | Identified a +2 robe of positive energy
  8489 | D:9      | Identified a +0 club
  8489 | D:9      | Identified a +0 halberd
  8489 | D:9      | Identified a +0 plate armour
  8510 | D:9      | Identified a +0 club
  8510 | D:9      | Identified quicksilver dragon scales
  8512 | D:9      | Reached ** piety under Vehumet
  8513 | D:9      | Reached skill level 9 in Air Magic
  8547 | D:9      | Identified a +0 club
  8547 | D:9      | Identified a +0 dagger of draining
  8548 | D:9      | Identified a +0 dagger
  8548 | D:9      | Identified a +0 dagger
  8549 | D:9      | Identified a +2 dagger of venom
  8549 | D:9      | Identified a +0 club
  8550 | D:9      | Identified a +0 short sword
  8693 | D:9      | Identified a +0 glaive
  8693 | D:9      | Identified a +0 chain mail
  8699 | D:9      | Identified a +0 short sword
  8699 | D:9      | Identified a +0 ring mail
  8701 | D:9      | Identified a +0 short sword
  8701 | D:9      | Identified a +0 ring mail
  8701 | D:9      | Identified a +0 club
  8813 | D:9      | Identified a +0 club
  8813 | D:9      | Identified a +0 leather armour
  8814 | D:9      | Identified a +0 morningstar
  8814 | D:9      | Identified a +0 leather armour
  8815 | D:9      | Identified a +0 mace
  8816 | D:9      | Identified a +0 dagger
  8816 | D:9      | Identified a +0 short sword
  8913 | D:9      | Identified a +0 dagger
  8913 | D:9      | Identified a +0 robe
  8916 | D:9      | Identified a +0 dagger
  8916 | D:9      | Identified a +0 robe
  8916 | D:9      | Identified a +0 giant club
  8919 | D:9      | Identified a +0 short sword
  8920 | D:9      | Identified a +0 flail
  8923 | D:9      | Identified a +0 club
  8923 | D:9      | Identified a +0 chain mail
  8948 | D:9      | Identified a +0 long sword
  8948 | D:9      | Identified a +0 plate armour
  8950 | D:9      | Identified a +0 hand axe
  8976 | D:9      | Offered knowledge of Ignite Poison by Vehumet.
  8977 | D:9      | Reached skill level 12 in Long Blades
  8977 | D:9      | Reached skill level 8 in Conjurations
  8980 | D:9      | Reached XP level 11. HP: 49/57 MP: 14/19
  9006 | D:9      | Identified a +0 dagger
  9015 | D:9      | Found a staircase to the Orcish Mines.
  9015 | D:9      | Identified a +0 dagger
  9015 | D:9      | Identified a +0 robe
  9022 | D:9      | Identified a +0 dagger
  9123 | D:9      | Identified a +0 club
  9161 | D:9      | Identified a +0 plate armour of positive energy
  9239 | D:9      | Found a runed translucent door.
  9240 | D:9      | Identified a +0 trident
  9242 | D:9      | Identified the +7 spear "Zoerig" {pain, rCorr MP+9 Str+3
                  | Int+3}
  9242 | D:9      | Noticed Pokonic1's ghost (novice VSBe)
  9461 | D:10     | Entered Level 10 of the Dungeon
  9540 | D:10     | Identified a +0 war axe of pain
  9546 | D:10     | Reached skill level 10 in Air Magic
  9689 | D:10     | Found a staircase to the Lair.
  9689 | D:10     | Identified a +0 hand axe
  9689 | D:10     | Identified a +0 plate armour
  9698 | D:10     | Reached *** piety under Vehumet
 10094 | D:10     | Identified a +0 spear
 10212 | D:10     | Identified a +0 mace
 10212 | D:10     | Identified a +0 plate armour
 10214 | D:10     | Identified a +0 mace
 10214 | D:10     | Identified a +0 dagger
 10214 | D:10     | Identified a +0 robe
 10214 | D:10     | Identified a +0 dagger
 10214 | D:10     | Identified a +0 robe
 10245 | D:10     | Identified a +0 sling
 10246 | D:10     | Identified a scroll of immolation
 10247 | D:10     | Identified a scroll of vulnerability
 10248 | D:10     | Identified a scroll of noise
 10249 | D:10     | Identified a scroll of magic mapping
 10378 | D:10     | Identified a +0 dagger
 10380 | D:10     | Identified a +2 whip of draining
 10381 | D:10     | Identified a +0 dagger
 10382 | D:10     | Identified a +0 short sword
 10382 | D:10     | Identified a +0 short sword
 10383 | D:10     | Identified a +0 short sword
 10385 | D:10     | Identified a +0 dagger
 10386 | D:10     | Identified a +0 club
 10437 | D:10     | Found Sicidgh's Self-Improvement Boutique.
 10594 | D:10     | Identified a +0 short sword
 10739 | D:11     | Identified a +0 giant spiked club
 10739 | D:11     | Identified a +0 giant spiked club
 10739 | D:11     | Noticed a two-headed ogre
 10748 | D:11     | Killed a two-headed ogre
 10749 | D:11     | Reached skill level 13 in Long Blades
 10847 | D:10     | Reached skill level 2 in Armour
 10860 | D:11     | Identified a +0 giant club
 10860 | D:11     | Identified a +0 giant spiked club
 10860 | D:11     | Noticed a two-headed ogre
 10867 | D:11     | Killed a two-headed ogre
 10868 | D:11     | Reached skill level 3 in Dodging
 11153 | D:11     | Found Zeanwaty's Distillery.
 11161 | D:11     | Bought a potion of heal wounds for 70 gold pieces
 11161 | D:11     | Bought a potion of magic for 112 gold pieces
 11161 | D:11     | Bought a potion of enlightenment for 70 gold pieces
 11161 | D:11     | Bought a potion of curing for 42 gold pieces
 11161 | D:11     | Bought a potion of might for 56 gold pieces
 11161 | D:11     | Bought a potion of might for 56 gold pieces
 11162 | D:11     | Identified a +2 whip of electrocution
 11162 | D:11     | Identified a +0 scale mail
 11179 | D:11     | Identified a +0 dagger
 11179 | D:11     | Identified a +0 robe
 11181 | D:11     | Identified a +0 dagger
 11181 | D:11     | Identified a +0 robe
 11190 | D:11     | Noticed a wolf spider
 11197 | D:11     | Noticed a boulder beetle
 11209 | D:11     | HP: 14/59 [komodo dragon (15)]
 11211 | D:11     | Identified +0 acid dragon scales
 11213 | D:11     | Offered knowledge of Mephitic Cloud by Vehumet.
 11218 | D:11     | Learned a level 3 spell: Mephitic Cloud
 11377 | D:11     | Identified a +2 dagger of electrocution
 11377 | D:11     | Identified a +0 dagger
 11378 | D:11     | Identified a +0 dagger
 11383 | D:11     | Identified a +0 whip
 11388 | D:11     | Identified a +0 club
 11389 | D:11     | Identified a +0 short sword
 11496 | D:11     | Identified a ring of magical power
 11551 | D:11     | Identified a +0 troll leather armour
 11552 | D:11     | Reached skill level 3 in Fighting
 11596 | D:11     | Identified a +0 troll leather armour
 11598 | D:11     | Identified a +0 troll leather armour
 11723 | D:11     | Identified a +0 short sword
 11726 | D:11     | Identified a +0 dagger
 11728 | D:11     | Identified a +0 short sword
 11728 | D:11     | Identified a +0 short sword
 11731 | D:11     | Identified a +0 dagger
 11731 | D:11     | Identified a +0 robe
 11738 | D:11     | Identified a +0 trident
 12001 | D:11     | HP: 12/60 [/static electricity (5)]
 12001 | D:11     | HP: 5/60 [yak (5)]
 12002 | D:11     | Slain by a yak

Table legend: (Time is in decaauts)
 A = Elapsed time spent in this place.
 B = Non-inter-level travel time spent in this place.
 C = Inter-level travel time spent in this place.
 D = Time resting spent in this place.
 E = Time spent auto-exploring this place.
 F = Levels seen in this place.
 G = Mean time per level.
                   A        B        C        D        E       F      G
               +--------+--------+--------+--------+--------+-----+--------+
         Total |  11476 |  11207 |    269 |   2648 |   6275 |  12 |  956.3 |
       Dungeon |  11419 |  11170 |    249 |   2648 |   6244 |  11 | 1038.1 |
        Temple |     57 |     38 |     19 |      0 |     31 |   1 |   57.0 |
               +--------+--------+--------+--------+--------+-----+--------+

Top non-repeatable levels by time:
     D:7: 1328 daAuts
    D:10: 1254 daAuts
    D:11: 1157 daAuts
     D:9: 1149 daAuts
     D:8: 1146 daAuts
     D:3: 1112 daAuts
     D:1: 1077 daAuts
     D:2: 931 daAuts
     D:6: 903 daAuts
     D:5: 843 daAuts
     D:4: 515 daAuts
  Temple: 57 daAuts

Table legend:
 A = Kills in this place as a percentage of kills in the entire game.
 B = Kills by you in this place as a percentage of kills by you in the entire game.
 C = Kills by friends in this place as a percentage of kills by friends in the entire game.
 D = Other kills in this place as a percentage of other kills in the entire game.
 E = Experience gained in this place as a percentage of experience gained in the entire game.
 F = Experience gained in this place divided by the number of levels of this place that you have seen.
                   A       B       C       D       E      F
               +-------+-------+-------+-------+-------+----------------------
         Total | 100.0 | 100.0 | 100.0 |   N/A | 100.0 | 1421.8
       Dungeon | 100.0 | 100.0 | 100.0 |   N/A | 100.0 | 1551.0
               +-------+-------+-------+-------+-------+----------------------

Skill      XL: |  1  2  3  4  5  6  7  8  9 10 11 |
---------------+----------------------------------+-----
Long Blades    | 3 4 5 7 8 10 12 13 | 13.3
Air Magic      | 1 2 3 4 5 7 9 10 | 10.5
Translocations | 3 4 5 |  5.5
Spellcasting   | 3 4 5 |  5.5
Conjurations   | 2 5 8 |  8.7
Armour         | 2 |  2.9
Dodging        | 3 |  3.5
Fighting       | 3 |  3.3
Throwing       | |  1.0

Action                     |  1- 3 |  4- 6 |  7- 9 | 10-12 || total
---------------------------+-------+-------+-------+-------++-------
  Melee: Falchion          |   107 |    45 |       |       ||   152
         Peck              |    17 |    11 |    46 |    41 ||   115
         Kick              |    23 |    29 |    74 |    67 ||   193
         Long sword        |       |    62 |   242 |    20 ||   324
         Punch             |       |     1 |     4 |     5 ||    10
         Short sword       |       |       |    16 |       ||    16
         Staff             |       |       |     1 |     7 ||     8
         Scimitar          |       |       |       |   161 ||   161
  Throw: Boomerang         |     2 |       |     5 |       ||     7
   Cast: Blink             |     1 |     1 |     2 |     5 ||     9
         Static Discharge  |       |       |    25 |    61 ||    86
         Airstrike         |       |       |     7 |    86 ||    93
         Vhi's Electric Ch |       |       |     1 |       ||     1
         Shock             |       |       |       |    10 ||    10
  Evoke: Wand              |       |     6 |       |    15 ||    21
         Phantom mirror    |       |       |     3 |     2 ||     5
    Use: Scroll            |     3 |     5 |     3 |     5 ||    16
         Potion            |       |     2 |     6 |     1 ||     9
   Stab: Sleeping          |     2 |     1 |       |       ||     3
 Armour: Leather armour    |    39 |    32 |   106 |    66 ||   243
         Skin              |       |    28 |     9 |       ||    37
         Troll leather arm |       |       |       |    12 ||    12
         Acid dragon scale |       |       |       |     6 ||     6
  Dodge: Dodged            |    88 |    69 |   173 |   184 ||   514

Vanquished Creatures
  A two-headed ogre (D:11)
  Pikel (D:7)
  A kobold demonologist (D:8)
  2 komodo dragons
  5 trolls
  A wraith (D:10)
  A wyvern (D:10)
  18 yaks
  A steam dragon (D:7)
  Edmund (D:5)
  2 acid dragons
  4 water moccasins
  Duvessa (D:7)
  A swamp drake (D:9)
  8 orc warriors
  2 ice beasts
  2 sky beasts (D:7)
  2 black bears
  2 ogres
  A tengu (D:9)
  3 lemures (D:7)
  6 bullfrogs
  7 kobold brigands
  2 scorpions (D:5)
  5 wights (D:9)
  Dowan (D:7)
  7 killer bees
  The ghost of GonguanaGonguana the Digger, a weakling MeEE (D:3)
  5 howler monkeys
  6 orc priests
  8 hounds
  2 jellies (D:6)
  3 iguanas (D:5)
  15 orc wizards
  3 gnolls (D:6)
  4 adders
  A river rat (D:3)
  A white imp (D:5)
  3 ufetubi
  2 dart slugs
  2 worms
  54 orcs
  11 ball pythons
  6 endoplasms
  3 giant cockroaches
  2 goblins
  10 hobgoblins
  3 quokkas (D:1)
  8 bats
  3 frilled lizards
  37 kobolds
  5 rats
286 creatures vanquished.

Vanquished Creatures (collateral kills)
  A two-headed ogre (D:11)
  3 orcs (D:7)
4 creatures vanquished.

Grand Total: 290 creatures vanquished
